 Dungeon Crawl Stone Soup version 0.28.0-53-g5a82cb258f (webtiles) character file.

Game seed: 10677645509339540203

51 SeveralShipsSleeping the Chiller (level 3, -2/26 HPs)
             Began as a Draconian Ice Elementalist on July 15, 2022.
             Was a Follower of Sif Muna.
             Slain by an orc
             ... wielding a +0 hand axe
              (5 damage)
             ... on level 3 of the Dungeon.
             The game lasted 00:11:13 (1265 turns).

SeveralShipsSleeping the Chiller (DrIE)             Turns: 1265, Time: 00:11:15

Health: -2/26      AC: 12    Str: 10    XL:     3   Next: 58%
Magic:  1/6        EV: 12    Int: 17    God:    Sif Muna [*.....]
Gold:   28         SH:  0    Dex: 11    Spells: 6/7 levels left

rFire   x . .      SeeInvis .   c - +0 dagger (protect)
rCold   + . .      Faith    .   (no shield)
rNeg    . . .      Spirit   .   (armour unavailable)
rPois   .          Reflect  .   (helmet restricted)
rElec   .          Harm     .   (no cloak)
rCorr   .          Rampage  .   (no gloves)
Will    .....                   (no boots)
Stlth   ++........              (no amulet)
HPRegen 0.08/turn               f - ring of ice
MPRegen 0.10/turn               (no ring)

@: under a protective aura
A: AC +5, unfitting armour, cold-blooded
a: Renounce Religion, Channel Magic


You were on level 3 of the Dungeon.
You worshipped Sif Muna.
Sif Muna was aware of your devotion.
You visited 1 branch of the dungeon, and saw 3 of its levels.

You collected 28 gold pieces.

Inventory:

Hand Weapons
 c - a +0 dagger of protection (weapon)
Missiles
 a - 3 poisoned darts
 b - 32 stones
Magical Staves
 d - a staff of earth
Jewellery
 f - a ring of ice (left hand)


   Skills:
 + Level 2.0 Dodging
 - Level 1.7 Stealth
 + Level 2.5 Spellcasting
 + Level 4.9 Ice Magic


You had 6 spell levels left.
You knew the following spells:

 Your Spells              Type           Power      Damage    Failure   Level
a - Freeze                Ice            100%       1d11      2%          1

Your spell library contained the following spells:

 Spells                   Type           Power      Damage    Failure   Level
 Frozen Ramparts          Ice            56%        1d7       7%          3
 Ozocubu's Armour         Ice            28%        N/A       7%          3
 Blink                    Tloc           4%         N/A       28%         2
 Call Canine Familiar     Summ           2%         N/A       50%         3
 Lesser Beckoning         Tloc           2%         N/A       50%         3
 Portal Projectile        Hex/Tloc       4%         N/A       50%         3
 Stone Arrow              Conj/Erth      4%         3d7       50%         3
 Hailstorm                Conj/Ice       15%        3d5       54%         4
 Leda's Liquefaction      Hex/Erth       1%         N/A       88%         4
 Malign Gateway           Summ/Tloc      1%         N/A       100%        7
 Animate Armour           Summ/Erth      Unusable   N/A       N/A         4

Dungeon Overview and Level Annotations

Branches:
Dungeon (3/15)

Altars:
Sif Muna

Annotations:
D:2 Sigmund


Innate Abilities, Weirdness & Mutations

Your plain brown scales are hard. (AC +5)
You cannot fit into any form of body armour.
You are cold-blooded and may be slowed by cold attacks.


Message History

Sif Muna accepts your kill.
Your Dodging skill increases to level 2!
You have reached level 3!
Your experience leads to an increase in your attributes!
Increase (S)trength, (I)ntelligence, or (D)exterity?
You feel clever. x2; Your scales feel tougher.
Aiming: Freeze (safe; 2% risk of failure)
Press: ? - help, Q - select action, (/) - cycle Shift-Dir - straight line, f - ball python
Aim: a ball python You feel a surge of power!
You freeze the ball python!
You kill the ball python!
Sif Muna accepts your kill.
Aiming: Freeze (safe; 2% risk of failure)
Press: ? - help, Q - select action, (/) - cycle Shift-Dir - straight line, f - orc
Aim: an orc, wielding a +0 hand axe You feel a surge of power!
You freeze the orc.
The orc is severely wounded.
The orc barely misses you.
You barely miss the orc. The orc hits you with a +0 whip.
* * * LOW HITPOINT WARNING * * *
You hit the orc but do no damage.
Your weapon exudes an aura of protection.
The orc hits you but does no damage. The orc closely misses you. x2
You hit the orc.
Your tail-slap misses the orc.
The orc is lightly wounded.
The orc hits you but does no damage. The orc closely misses you.
The orc hits you but does no damage.
You barely miss the orc.
Your tail-slap misses the orc.
The orc is severely wounded.
The orc misses you. The orc hits you but does no damage.
The orc hits you with a +0 hand axe.
* * * LOW HITPOINT WARNING * * *
You hit the orc but do no damage.
The orc is severely wounded.
The orc hits you with a +0 whip.
* * * LOW HITPOINT WARNING * * *
The orc hits you with a +0 club.
* * * LOW HITPOINT WARNING * * *
The orc hits you with a +0 hand axe.
You die...

######
#....##
......##
#......#
###......#
##........#
#..<......#
##..@o....#
###oo....#
#........
+......##
#.......#
#.......#
.........
.....##..


You could see 3 orcs.

Vanquished Creatures
  An orc priest (D:3)
  A dart slug (D:1)
  4 bats
  2 endoplasms (D:1)
  A giant cockroach (D:1)
  3 goblins (D:1)
  2 hobgoblins
  3 ball pythons
  A frilled lizard (D:1)
  3 kobolds (D:1)
  2 rats (D:1)
23 creatures vanquished.

Vanquished Creatures (others)
  5 plants
5 creatures vanquished.

Grand Total: 28 creatures vanquished

Notes
Turn   | Place    | Note
-------+----------+-------------------------------------------
     0 | D:1      | SeveralShipsSleeping the Draconian Ice Elementalist began
                  | the quest for the Orb.
     0 | D:1      | Reached XP level 1. HP: 14/14 MP: 3/3
   209 | D:1      | Reached XP level 2. HP: 18/20 MP: 0/5
   690 | D:1      | Found a faded altar of an unknown god.
   708 | D:1      | Prayed at the altar of an unknown god.
   708 | D:1      | Became a worshipper of Sif Muna the Loreminder
   708 | D:1      | Reached * piety under Sif Muna
   728 | D:1      | Got the Volume of the Earthen Traveller
  1240 | D:2      | Noticed Sigmund
  1259 | D:3      | Reached XP level 3. HP: 9/26 MP: 2/6
  1265 | D:3      | Slain by an orc

Illustrated notes

Levels and vault maps discovered:
D:1:      lightli_arrival_chessboard, layout_basic,
          shapermc_ecumenical_altar_starsandcircs, serial_bayou,
          serial_bayou_pond_a, serial_bayou_pond_d, serial_bayou_pond_c,
          serial_bayou_lake_a
D:2:      layout_basic, serial_shops, nicolae_shop_overgrown_old_shop,
          uniq_natasha, uniq_sigmund
D:3:      layout_rooms, serial_park_tiny_2, corexii_corridor_pit,
          hangedman_abyss_or_decor_stabs, grunt_ministairs_13,
          kennysheep_generic_room_3

Skill      XL: |  1  2 |
---------------+-------+-----
Dodging        | 2 |  2.0
Stealth        | |  1.7
Spellcasting   | |  2.5
Ice Magic      | |  4.9

Action                   || total
-------------------------++-------
Melee: Unarmed           ||     3
       Dagger            ||     5
Throw: Dart              ||     2
       Stone             ||     5
 Cast: Freeze            ||    29
  Use: Scroll            ||     3
       Potion            ||     1
Armor: Skin              ||    10
Dodge: Dodged            ||    20
